Map: 2000 Atmospheres LE

Players

Denver - Winner!

  • Race: Zerg Zerg

ziGGy

  • Race: Terran Terran

Event: DreamHack SC2 Masters 2021 Fall

VOD

Have the link to the VOD?

Description

Time

  • Played on: July 30, 2021, 1:04 p.m.
  • Length: 12:20

All games in this series

Show
View Real Time Build Order
Export as new Build Order

Denver Zerg - Winner!

Build Orders: Hatch First 

Get SALT Encoding   

  12  0:00  Drone  
  13  0:12  Overlord  
  13  0:17  Drone  
  14  0:31  Drone x2  
  16  0:48  Hatchery  
  15  0:51  Drone  
  15  0:55  Drone  
  17  1:00  Drone  
  18  1:10  Extractor  
  17  1:15  Spawning Pool  
  17  1:17  Drone  
  17  1:20  Drone  
  18  1:28  Drone  
  19  1:39  Drone  
  20  1:50  Overlord  
  20  2:02  Queen x2  
  20  2:03  Zergling x4  
  26  2:10  Metabolic Boost  
  26  2:12  Drone x2  
  28  2:30  Spore Crawler  
  28  2:34  Hatchery  
  28  2:35  Zergling x2  
  26  2:43  Queen  
  28  2:47  Zergling x4  
  28  2:50  Overlord  
  31  2:56  Zergling x4  
  33  3:06  Zergling x6  
  33  3:12  Queen  
  34  3:22  Zergling x8  
  34  3:24  Drone  
  34  3:25  Drone  
  38  3:29  Drone  
  38  3:41  Zergling x8  
  38  3:54  Zergling x6  
  38  3:56  Queen  
  38  4:01  Queen  
  42  4:04  Zergling x2  
  42  4:05  Zergling x2  
  44  4:11  Drone x3  
  47  4:18  Overlord  
  47  4:22  Zergling x4  
  49  4:35  Drone, Overlord  
  50  4:40  Drone x4  
  50  4:41  Drone x3  
  56  4:50  Drone x2  
  56  4:52  Overlord x2  
  57  4:59  Overlord  
  57  5:04  Drone  
  57  5:06  Overlord  
  57  5:12  Drone x6  
  63  5:16  Extractor  
  63  5:17  Extractor  
  63  5:19  Drone x2  
  63  5:22  Drone x4  
  67  5:30  Drone x2  
  67  5:35  Drone x4  
  73  5:37  Drone x2  
  73  5:40  Lair  
  75  5:43  Drone  
  75  5:44  Drone x2  
  78  5:50  Extractor  
  78  5:51  Baneling Nest, Drone x2  
  78  5:57  Drone  
  79  6:01  Queen  
  79  6:04  Spore Crawler, Drone, Overlord  
  82  6:08  Drone x5  
  82  6:09  Drone  
  82  6:11  Drone  
  88  6:20  Drone x2  
  88  6:21  Overlord x2  
  88  6:23  Evolution Chamber  
  89  6:28  Hatchery  
  89  6:32  Evolution Chamber  
  87  6:38  Overlord  
  86  6:41  Drone x2  
  86  6:43  Hatchery  
  86  6:44  Centrifical Hooks  
  86  6:46  Queen  
  89  6:50  Zerg Ground Armor Level 1  
  89  6:51  Drone  
  89  6:52  Drone  
  91  6:58  Drone x6  
  91  7:00  Zerg Melee Weapons Level 1  
  97  7:03  Zergling x6  
  97  7:04  Zergling x2  
  97  7:05  Overseer  
  101  7:15  Zergling x16  
  109  7:20  Hydralisk Den  
  109  7:21  Spore Crawler  
  107  7:25  Overlord  
  107  7:26  Zergling x12  
  113  7:31  Overlord  
  113  7:34  Baneling x12  
  113  7:35  Baneling x2  
  113  7:36  Baneling  
  113  7:37  Overseer  
  113  7:42  Zergling x10  
  113  7:43  Zergling x2  
  119  7:45  Overlord  
  119  7:50  Baneling x11  
  119  7:52  Baneling  
  119  7:57  Zergling x2  
  119  7:58  Zergling x14  
  120  8:07  Baneling x7  
  108  8:14  Zergling x26  
  109  8:20  Queen  
  109  8:23  Zergling x8, Queen  
  109  8:24  Baneling  
  109  8:25  Baneling x4  
  109  8:34  Zergling x10  
  110  8:36  Queen  
  110  8:38  Queen  
  109  8:43  Zergling x4  
  109  8:44  Zergling x6  
  109  8:45  Baneling x11  
  112  8:49  Zergling x12  
  112  8:50  Zergling x2  
  112  8:53  Baneling x4  
  119  9:01  Zergling x12  
  125  9:03  Queen x2  
  125  9:06  Extractor, Baneling x5  
  125  9:09  Zergling x6  
  131  9:13  Baneling  
  131  9:14  Baneling x2  
  131  9:15  Zergling x2  
  131  9:16  Zergling x2  
  132  9:21  Zergling x12  
  132  9:23  Baneling x5  
  133  9:29  Extractor  
  133  9:30  Extractor  
  127  9:32  Drone x3  
  127  9:33  Drone x3  
  127  9:34  Zergling x8  
  135  9:46  Zerg Ground Armor Level 2  
  135  9:48  Zergling x16  
  135  9:49  Zergling x2  
  135  9:50  Hatchery  
  143  9:56  Drone x5  
  143  9:57  Drone x2  
  150  10:02  Baneling x11  
  150  10:03  Baneling  
  150  10:06  Overlord x2  
  150  10:08  Overlord  
  149  10:16  Zergling x6  
  149  10:18  Baneling x11  
  147  10:23  Baneling x4  
  147  10:25  Zergling x2  
  147  10:26  Zergling x14  
  150  10:38  Hydralisk x5  
  148  10:57  Hydralisk x7  
  157  11:07  Grooved Spines  
  157  11:12  Hydralisk x4  
  157  11:15  Hatchery  
  163  11:22  Overlord x2  
  163  11:26  Zergling x22  
  163  11:29  Overlord  
  174  11:39  Zergling x2  
  169  11:49  Zergling x34  
  169  11:50  Zergling x10  
  179  11:56  Infestation Pit  
  179  11:57  Baneling x8  
Show
View Real Time Build Order
Export as new Build Order

ziGGy Terran 

Build Orders: Mech 

Get SALT Encoding   

  12  0:00  SCV  
  13  0:12  SCV  
  14  0:17  Supply Depot  
  14  0:24  SCV  
  15  0:39  SCV  
  15  0:41  Barracks  
  16  0:43  Refinery  
  16  0:51  SCV  
  17  0:58  Barracks  
  17  1:03  SCV  
  18  1:15  SCV  
  19  1:28  Reaper, Orbital Command  
  20  1:34  Barracks  
  20  1:40  Refinery  
  20  1:45  Reaper  
  21  1:51  Supply Depot  
  21  1:55  SCV  
  22  2:02  Reaper  
  23  2:13  SCV  
  24  2:17  Reaper  
  26  2:22  Reaper  
  26  2:34  Reaper  
  27  2:43  Command Center  
  27  2:49  Reaper  
  28  2:51  Supply Depot  
  28  2:54  Reaper, SCV  
  30  3:06  SCV  
  31  3:13  Reaper  
  31  3:18  SCV  
  32  3:21  Reaper  
  32  3:27  Reaper  
  34  3:30  SCV  
  35  3:43  SCV  
  35  3:45  Reaper  
  36  3:53  Reaper  
  36  3:55  SCV  
  36  3:56  Orbital Command  
  36  3:59  Reaper  
  36  4:01  Command Center  
  37  4:07  SCV, Factory  
  38  4:15  Refinery  
  38  4:18  Marine  
  38  4:19  SCV  
  38  4:23  SCV  
  41  4:26  Marine  
  42  4:32  SCV  
  42  4:33  Barracks Tech Lab  
  42  4:35  SCV  
  44  4:40  Marine  
  44  4:44  SCV  
  46  4:47  SCV  
  39  4:52  Stimpack  
  39  4:53  Marine, Factory Tech Lab  
  39  4:56  Marine, SCV  
  39  4:58  Marine  
  39  4:59  SCV  
  42  5:07  Factory  
  42  5:08  SCV  
  42  5:09  Factory  
  42  5:11  SCV  
  42  5:14  Refinery, Orbital Command  
  44  5:20  SCV, Siege Tank  
  48  5:23  SCV  
  49  5:30  Barracks Reactor  
  49  5:32  SCV  
  49  5:33  Barracks Reactor  
  49  5:35  Marine, SCV  
  50  5:40  SCV  
  50  5:41  Supply Depot  
  53  5:44  SCV  
  53  5:45  Starport  
  53  5:47  Supply Depot  
  53  5:48  SCV  
  55  5:52  SCV, Factory Reactor  
  55  5:53  Factory Reactor  
  55  5:56  SCV  
  57  5:59  Orbital Command  
  57  6:00  Supply Depot, SCV  
  57  6:01  Supply Depot, Siege Tank  
  61  6:08  Marine x3  
  61  6:09  Marine x2  
  67  6:11  SCV  
  67  6:12  SCV  
  68  6:21  Starport Reactor  
  68  6:23  SCV, Armory  
  69  6:26  Marine x3, SCV x2  
  69  6:27  Marine x2  
  69  6:30  Hellion  
  69  6:31  Hellion  
  80  6:36  Hellion x2  
  80  6:38  Combat Shield  
  84  6:40  SCV  
  87  6:49  Marine x4  
  87  6:52  Hellion  
  87  6:53  Hellion  
  93  6:57  Hellion x2  
  93  6:59  Medivac  
  93  7:00  Medivac  
  101  7:08  Marine x2  
  101  7:09  Supply Depot  
  101  7:10  Marine x2  
  101  7:13  Marine  
  101  7:15  Hellion  
  108  7:21  Supply Depot  
  108  7:26  Marine x2, SCV  
  108  7:28  Marine x2  
  113  7:31  Marine  
  113  7:32  Medivac x2  
  113  7:35  Hellion x2  
  122  7:38  Hellion  
  124  7:44  Marine  
  124  7:45  Marine  
  124  7:46  Marine  
  124  7:48  Marine x2  
  124  7:50  Hellion x2  
  131  8:02  Marine, Medivac  
  131  8:03  Marine  
  131  8:04  Marine, Medivac  
  127  8:06  Marine x2  
  116  8:14  Hellion x2  
  116  8:19  Marine  
  107  8:21  Marine x2  
  107  8:24  Marine x2  
  107  8:26  Hellion x2  
  99  8:34  SCV x2  
  99  8:37  Marine, SCV  
  99  8:39  Marine x2  
  99  8:40  Hellion  
  105  8:41  Marine, Hellion x2  
  105  8:42  Marine  
  105  8:46  Liberator x2  
  105  8:48  Hellion  
  115  8:52  SCV x2  
  115  8:55  Marine  
  117  8:56  Marine, SCV  
  117  8:57  Marine  
  117  9:01  Barracks  
  117  9:02  Siege Tank  
  124  9:04  SCV, Barracks  
  124  9:05  Hellion  
  124  9:08  SCV x2  
  129  9:15  Marine x5  
  129  9:16  SCV, Hellion  
  125  9:20  SCV  
  125  9:21  SCV  
  124  9:28  SCV  
  124  9:31  Hellion x3  
  123  9:33  Marine x4, SCV x2, Liberator  
  123  9:36  Liberator  
  133  9:46  Marine  
  133  9:50  Barracks Reactor x2, Supply Depot x2, Marine  
  133  9:51  Engineering Bay  
  133  9:52  Marine x3, Engineering Bay  
  138  9:54  Widow Mine  
  140  10:04  Marine  
  140  10:05  Orbital Command  
  141  10:11  Marine x2, SCV x2  
  141  10:12  Widow Mine x3  
  143  10:19  Supply Depot  
  143  10:21  Marine x2, Supply Depot x2  
  130  10:22  Marine  
  130  10:23  Supply Depot, SCV  
  130  10:25  SCV  
  127  10:29  Marine x3  
  127  10:34  Marine x2  
  129  10:38  Marine  
  129  10:39  Marine x2  
  129  10:40  SCV  
  133  10:54  Marine x4  
  133  10:55  SCV x2  
  122  10:57  Marine  
  122  10:58  Marine  
  122  10:59  SCV  
  117  11:07  SCV x2  
  117  11:11  SCV  
  120  11:19  SCV x2  
  120  11:23  SCV  
  123  11:28  Marine x4  
  123  11:31  SCV x2  
  129  11:35  SCV  
  122  11:43  SCV x2  
  122  11:46  Marine  
  114  11:47  Barracks Reactor, SCV  
  105  11:55  SCV x2  
  105  11:56  Marine x4  
  105  11:59  SCV  
  112  12:07  SCV x2  

Tags
 
Add a new tag
Caveats
  • Supply blocks, unpowered buildings, or Contaminate may cause inaccurate times.
  • Supply counts are checked every 10 seconds.